 Dungeon Crawl Stone Soup version 0.19.0-11-g3fc08b3 (webtiles) character file.

10701 nubinia the Fighter (level 11, -7/76 HPs)
             Began as a Deep Elf Fire Elementalist on Nov 9, 2016.
             Was an Elder of Ashenzari.
             Mangled by a freezing wraith (10 damage)
             ... in an ice cave.
             The game lasted 01:22:28 (17863 turns).

nubinia the Fighter (Deep Elf Fire Elementalist)   Turns: 17863, Time: 01:22:29

Health: -7/76      AC: 10    Str:  9    XL:     11   Next: 39%
Magic:  3/27       EV: 16    Int: 23    God:    Ashenzari [****..]
Gold:   345        SH: 12    Dex: 19    Spells: 5 memorised, 15 levels left

rFire  + . .     SeeInvis +     p - +1 dagger (curse)
rCold  + . .     Gourm    .     k - +1 robe (curse)
rNeg   . . .     Faith    .     s - +0 shield (curse)
rPois  +         Spirit   .     A - +0 helmet
rElec  +         Reflect  +     t - +1 cloak "Leeneil" {MR++} (curse)
rCorr  +         Harm     .     m - +2 pair of gloves {Str+3} (curse)
MR     ++++.     Clarity  +     v - +0 pair of boots
Stlth  +++++.....               h - +3 amulet of reflection (curse)
                                y - ring of protection from magic (curse)
                                j - ring of stealth (curse)

@: resistant, very slightly contaminated, hasted and slowed
A: agile 1, clever 1
a: Curse Item, Scrying, Renounce Religion


You were in an ice cave.
You worshipped Ashenzari.
Ashenzari was greatly pleased with you.
You were near starving.

You visited 2 branches of the dungeon, and saw 12 of its levels.
You also visited: Ossuary, Bailey and Ice Cave.

You collected 591 gold pieces.
You spent 246 gold pieces at shops.

Inventory:

Hand Weapons
 p - a cursed +1 dagger (weapon)
Missiles
 n - 18 javelins of returning (quivered)
Armour
 k - a cursed +1 robe (worn)
 m - a cursed +2 pair of gloves of strength (worn)
 s - a cursed +0 shield (worn)
 t - the cursed +1 cloak "Leeneil" (worn) {MR++}
   (You found it on level 8 of the Dungeon)

   It affects your resistance to hostile enchantments.
   It has a curse placed upon it.
 v - a +0 pair of boots (worn)
 A - a +0 helmet (worn)
Jewellery
 h - a cursed +3 amulet of reflection (around neck)
 j - a cursed ring of stealth (left hand)
 u - an uncursed ring of resist corrosion
 y - a cursed ring of protection from magic (right hand)
Wands
 a - a wand of teleportation (3/9)
 H - a wand of random effects (23/48)
 I - a wand of polymorph (0/24)
 N - a wand of confusion (11/48)
Scrolls
 e - 4 scrolls of fog
 l - a scroll of immolation
 o - a scroll of random uselessness {unknown}
 q - 2 scrolls of teleportation
 w - a scroll of recharging
 C - 2 scrolls of amnesia
 F - a scroll of remove curse
 J - 2 scrolls of identify
 M - a scroll of summoning {unknown}
 O - a scroll of vulnerability {unknown}
 R - a scroll of brand weapon {unknown}
Potions
 d - 3 potions of might
 x - 3 potions of brilliance
 B - a potion of agility
 D - a potion of cancellation
 E - a potion of resistance
 G - 2 potions of berserk rage
 K - 2 potions of cure mutation
 L - a potion of flight
Books
 b - a book of Flames

   Spells                             Type                      Level
   a - Flame Tongue                   Conjuration/Fire             1
   b - Throw Flame                    Conjuration/Fire             2
   c - Conjure Flame                  Conjuration/Fire             3
   d - Inner Flame                    Hexes/Fire                   3
   e - Sticky Flame                   Conjuration/Fire             4
   f - Fireball                       Conjuration/Fire             5
Comestibles
 c - 11 bread rations
 f - 6 beef jerkies
 g - 3 meat rations
 i - 7 fruits
 P - a slice of pizza


   Skills:
 + Level 11.7 Fighting
 + Level 2.5(5.3) Short Blades
 + Level 5.3(7.6) Dodging
 + Level 6.0(8.3) Stealth
 - Level 2.5(4.4) Shields
 + Level 10.4 Spellcasting
 + Level 8.1(11.5) Conjurations
 + Level 9.0(12.4) Fire Magic


You had 15 spell levels left.
You knew the following spells:

 Your Spells              Type           Power        Failure   Level  Hunger
a - Flame Tongue          Conj/Fire      #####        1%          1    None
b - Throw Flame           Conj/Fire      ######       1%          2    None
c - Conjure Flame         Conj/Fire      ######..     1%          3    None
d - Sticky Flame          Conj/Fire      ######..     1%          4    #......
e - Fireball              Conj/Fire      ######....   4%          5    ####...


Dungeon Overview and Level Annotations

Branches:
Dungeon (11/15)            Temple (1/1) D:6
   Lair: D:8-11         Orc: D:9-12

Altars:
Ashenzari
Cheibriados
Dithmenos
Elyvilon
Fedhas
Gozag
Hepliaklqana
Kikubaaqudgha
Makhleb
Nemelex Xobeh
Okawaru
Qazlal
Ru
Sif Muna
Trog
Uskayaw
Vehumet
Xom
Yredelemnul
Zin
The Shining One
Beogh

Shops:
D:6 (   D:7 !   D:9 =   D:11 !

Annotations:
D:3 Nuatha's ghost, weakling SpAK


Innate Abilities, Weirdness & Mutations

You are agile. (Dex +2)
Your mind is acute. (Int +2)


Message History

* * * LOW HITPOINT WARNING * * *
You feel better. The freezing wraith hits you.
* * * LOW HITPOINT WARNING * * *
The freezing wraith freezes you!
* * * LOW HITPOINT WARNING * * *
You block the freezing wraith's attack.
Okay, then.
You feel protected. You block the freezing wraith's attack.
The freezing wraith hits you but does no damage.
You block the freezing wraith's attack. The freezing wraith misses you.
You are near starving!
You block the freezing wraith's attack.
The freezing wraith hits you but does no damage.
You feel yourself speed up.
The freezing wraith hits you but does no damage.
You block the freezing wraith's attack.
You are very lightly contaminated with residual magic.
The freezing wraith hits you!
You die...

, , , ** #..## , *
*** , *≈ ##..## *,
,** , , *##..# *
***, , * ####..##*
, **** * , *
≈##.#....#.#* ≈ * *
* ≈ ##..........#*
≈ ** ,
**##............#
**,, *
####.............#
* , *
##..@............##
≈ ,,**
##..W.###........##
,,,. #...###
###...#### ≈ * W.
#..## ##### ≈≈* ..W
#...#
≈≈**#...*##..## ≈ *
#... ##..## ****
#...###..##
#.......#


You could see a freezing wraith.

Vanquished Creatures
  The ghost of tsouns the Destroyer, a journeyman TeFE of Ashenzari (D:10)
  A hill giant (D:10)
  Pikel (D:5)
  A freezing wraith (IceCv)
  A troll (D:7)
  2 wolf spider simulacra (IceCv)
  2 hippogriffs (D:7)
  5 yaks
  Sigmund (D:4)
  2 wyverns
  A death yak simulacrum (IceCv)
  A hungry ghost (D:9)
  18 orc warriors
  5 ice beasts (IceCv)
  3 sky beasts
  2 phantoms
  6 ogres
  6 centaurs (Bailey)
  An elf zombie (Ossuary)
  3 bullfrogs
  2 big kobolds
  2 gnoll sergeants
  An elf skeleton (D:7)
  6 scorpions
  A wyvern skeleton (D:8)
  5 wights (D:9)
  A crimson imp (D:8)
  2 centaur zombies
  A jelly (D:11)
  2 centaur skeletons
  3 orc priests
  5 hounds
  2 bullfrog skeletons
  Crazy Yiuf (D:4)
  3 iguanas
  A human skeleton (D:7)
  Terence (D:2)
  2 orc wizards (D:8)
  12 worker ants
  A wolf simulacrum (IceCv)
  2 big kobold zombies (Ossuary)
  A hound skeleton (D:4)
  2 mummies (Ossuary)
  2 worker ant zombies (D:9)
  8 gnolls (D:7)
  11 adders
  2 shadow imps
  17 white imps
  An ooze (D:1)
  2 adder zombies
  An adder skeleton (D:8)
  4 worms
  3 dart slugs
  5 leopard geckos
  66 orcs
  6 giant cockroaches
  11 goblins
  13 hobgoblins
  11 jackals
  4 quokkas
  2 ball pythons (D:3)
  6 bats
  4 frilled lizards
  A goblin zombie (Ossuary)
  12 hobgoblin zombies (Ossuary)
  A jackal skeleton (D:4)
  3 jackal zombies (Ossuary)
  16 kobolds
  10 kobold zombies (Ossuary)
  A leopard gecko skeleton (D:7)
  2 orc skeletons (D:7)
  6 orc zombies
  5 rats
  A rat zombie (Ossuary)
359 creatures vanquished.

Vanquished Creatures (others)
  2 slaves (D:5)
  3 centaurs
  A dart slug (D:5)
  A kobold (D:9)
7 creatures vanquished.

Grand Total: 366 creatures vanquished

Notes
Turn   | Place    | Note
-------+----------+-------------------------------------------
     0 | D:1      | nubinia the Deep Elf Fire Elementalist began the quest for the Orb.
     0 | D:1      | Reached XP level 1. HP: 10/10 MP: 6/6
   135 | D:1      | Reached XP level 2. HP: 15/15 MP: 4/8
   184 | D:1      | Learned a level 2 spell: Throw Flame
   989 | D:1      | Reached XP level 3. HP: 19/19 MP: 6/9
  1489 | D:2      | Learned a level 3 spell: Conjure Flame
  1657 | D:2      | Noticed Terence
  2309 | D:2      | Found a shattered altar of Ashenzari.
  2315 | D:2      | Became a worshipper of Ashenzari the Shackled
  2958 | D:3      | Reached XP level 4. HP: 21/24 MP: 9/11
  2967 | D:3      | Learned a level 4 spell: Sticky Flame
  3330 | D:3      | Noticed Nuatha's ghost (weakling SpAK)
  3343 | D:4      | Noticed Sigmund
  3954 | D:4      | Reached XP level 5. HP: 28/28 MP: 4/13
  4098 | D:4      | Noticed a phantom
  4232 | D:4      | Killed a phantom
  4306 | D:4      | Reached XP level 6. HP: 30/33 MP: 8/14
  4822 | D:4      | Found a runed door.
  4854 | D:4      | Reached skill level 5 in Fire Magic
  4969 | D:4      | Reached * piety under Ashenzari
  5208 | D:4      | Noticed Crazy Yiuf
  5212 | D:4      | Killed Crazy Yiuf
  5212 | D:4      | Reached skill level 5 in Stealth
  5212 | D:4      | Reached skill level 5 in Spellcasting
  5273 | D:5      | Entered Level 5 of the Dungeon
  5483 | D:2      | Killed Terence
  5843 | D:5      | Found an ancient bone altar of Kikubaaqudgha.
  5902 | D:5      | Reached XP level 7. HP: 37/37 MP: 16/16
  6013 | D:5      | Noticed Pikel
  6041 | D:5      | Killed Pikel
  6041 | D:5      | Reached skill level 1 in Fighting
  6041 | D:5      | Reached skill level 1 in Short Blades
  6041 | D:5      | Reached XP level 8. HP: 30/43 MP: 3/20
  7068 | D:6      | Reached ** piety under Ashenzari
  7314 | D:6      | Found a staircase to the Ecumenical Temple.
  7320 | Temple   | Entered the Ecumenical Temple
  7635 | D:6      | Found Ihicuus's Weapon Shop.
  8115 | D:6      | Reached skill level 5 in Conjurations
  8698 | D:7      | Found a stormy altar of Qazlal.
  8704 | D:7      | Noticed a hippogriff
  8713 | D:7      | Killed a hippogriff
  8870 | D:7      | Found a sand-covered staircase.
  8978 | Ossuary  | Entered an ossuary
  9326 | Ossuary  | Reached XP level 9. HP: 42/47 MP: 12/23
  9918 | D:7      | Found Plog's Distillery.
 10098 | D:7      | Learned a level 5 spell: Fireball
 10160 | D:7      | Reached *** piety under Ashenzari
 10339 | D:4      | Killed Sigmund
 10339 | D:4      | Reached skill level 1 in Shields
 10664 | D:7      | Noticed a troll
 10725 | D:7      | Killed a troll
 11047 | D:7      | Gained mutation: You have an increased reservoir of magic. (+10% MP) [mutagenic meat]
 11335 | D:8      | Got the uncursed cloak "Leeneil" {MR++}
 11346 | D:8      | Identified the +1 cloak "Leeneil" {MR++} (You found it on level 8 of the Dungeon)
 11418 | D:8      | Found a flagged portal.
 11434 | Bailey   | Entered a bailey
 11732 | Bailey   | Reached skill level 2 in Fighting
 11857 | Bailey   | Reached skill level 5 in Dodging
 12249 | Bailey   | Reached XP level 10. HP: 53/53 MP: 19/28
 12271 | Bailey   | Reached skill level 10 in Spellcasting
 12613 | Bailey   | Identified the +8 bardiche of Faomoligg {holy, rN+ MP-9 Dex+6} (You took it off an orc in a bailey)
 13292 | D:8      | Reached skill level 3 in Fighting
 13726 | D:8      | Reached skill level 4 in Fighting
 13778 | D:8      | Identified a scroll of acquirement
 14122 | D:7      | Bought a potion of berserk rage for 60 gold pieces
 14122 | D:7      | Bought a potion of flight for 36 gold pieces
 14234 | D:9      | Found Loam's Jewellery Shoppe.
 14268 | D:9      | Reached skill level 5 in Fighting
 14489 | D:9      | Reached skill level 6 in Fighting
 14705 | D:9      | Found a roughly hewn altar of Beogh.
 14946 | D:9      | Reached skill level 7 in Fighting
 15269 | D:9      | Reached skill level 8 in Fighting
 15636 | D:9      | Reached **** piety under Ashenzari
 15856 | D:8      | Reached skill level 9 in Fighting
 15907 | D:9      | Lost mutation: You have an increased reservoir of magic. (+10% MP) [potion of mutation]
 15907 | D:9      | Gained mutation: Your mind is acute. (Int +2) [potion of mutation]
 15907 | D:9      | Gained mutation: You are agile. (Dex +2) [potion of mutation]
 15980 | D:10     | Entered Level 10 of the Dungeon
 15988 | D:10     | Noticed a hill giant
 16076 | D:10     | Noticed tsouns's ghost (journeyman TeFE)
 16104 | D:10     | Killed tsouns's ghost
 16104 | D:10     | Reached XP level 11. HP: 47/72 MP: 6/27
 16338 | D:10     | Reached skill level 10 in Fighting
 16620 | D:10     | Killed a hill giant
 17242 | D:11     | Found a frozen archway.
 17291 | D:11     | Reached skill level 11 in Fighting
 17471 | D:11     | Found Nofenyus's Distillery.
 17479 | D:11     | Bought a potion of haste for 150 gold pieces
 17491 | IceCv    | Entered an ice cave
 17853 | IceCv    | HP: 1/76 [freezing wraith (6)]
 17863 | IceCv    | Mangled by a freezing wraith

Skill      XL: |  1  2  3  4  5  6  7  8  9 10 11 |
---------------+----------------------------------+-----
Fire Magic     | 4 5 7 8 9 |  9.0
Stealth        | 3 4 5 6 |  6.0
Spellcasting   | 4 5 6 8 9 10 | 10.4
Conjurations   | 2 3 4 6 7 8 |  8.1
Dodging        | 3 4 5 |  5.3
Fighting       | 1 2 9 11 | 11.7
Short Blades   | 1 2 |  2.5
Shields        | 2 |  2.5

Action                   |  1- 3 |  4- 6 |  7- 9 | 10-12 || total
-------------------------+-------+-------+-------+-------++-------
Melee: Dagger            |    46 |    30 |    94 |   161 ||   331
 Cast: Flame Tongue      |    51 |    65 |   198 |   313 ||   627
       Throw Flame       |    24 |    29 |    96 |   112 ||   261
       Sticky Flame      |       |     1 |    19 |    16 ||    36
       Conjure Flame     |       |       |     4 |     7 ||    11
       Fireball          |       |       |       |     4 ||     4
Invok: Curse Item        |     1 |     2 |     1 |     1 ||     5
Evoke: Wand              |       |       |       |     8 ||     8
  Use: Scroll            |     1 |     4 |    13 |     2 ||    20
       Potion            |       |       |     1 |     5 ||     6
 Stab: Sleeping          |     5 |    11 |     5 |    10 ||    31
  Eat: Chunk             |     7 |     8 |    21 |    17 ||    53
       Pizza             |       |       |     1 |       ||     1
       Fruit             |       |       |     1 |       ||     1
Armor: Robe              |    10 |     6 |    25 |    43 ||    84
Dodge: Dodged            |    36 |    33 |    97 |    79 ||   245
Block: Shield            |       |       |    15 |   148 ||   163
       Reflection        |       |       |     3 |    26 ||    29
